 Dungeon Crawl Stone Soup version 0.27-a0-1140-g099f9bb0e8 (webtiles) character file.

Game seed: 6029533562722602761

85 dickylongcocking the Magician (level 4, -3/31 HPs)
             Began as a Djinni Fire Elementalist on May 9, 2021.
             Slain by Natasha (12 damage)
             ... on level 3 of the Dungeon.
             The game lasted 00:02:14 (3220 turns).

dickylongcocking the Magician (DjFE)                Turns: 3220, Time: 00:02:15

Health: -3/31      AC:  7    Str: 10    XL:     4   Next: 48%
Gold:   196        EV: 12    Int: 18    God:
                   SH:  0    Dex: 13

rFire    + + .     SeeInvis .   p - +0 dagger (venom)
rCold    x . .     Faith    .   (no shield)
rNeg     + . .     Spirit   .   b - +0 leather armour
rPois    ∞         Reflect  .   i - +2 helmet
rElec    .         Harm     .   (no cloak)
rCorr    .         Rampage  .   c - +0 pair of gloves {Str+3}
Will     .....                  (boots unavailable)
Stlth    ++........             (no amulet)
HPRegen  0.10/turn              j - ring of positive energy
MPRegen  0.00/turn              (no ring)

@: flying, very slightly contaminated
A: sickness immunity, fire resistance 2, cold vulnerability 1, float, innate
caster, hp casting, extra vitality 1
a: no special abilities


You were on level 3 of the Dungeon.
You visited 1 branch of the dungeon, and saw 3 of its levels.

You collected 196 gold pieces.

Inventory:

Hand Weapons
 o - a +2 dagger of protection
 p - a +0 dagger of venom (weapon)
Armour
 a - a +0 robe
 b - a +0 leather armour (worn)
 c - a +0 pair of gloves of strength (worn)
 d - a +1 hat
 i - a +2 helmet (worn)
Jewellery
 j - a ring of positive energy (left hand)
Scrolls
 k - a scroll of teleportation
 n - a scroll of brand weapon {unknown}
Potions
 e - 2 potions of heal wounds {unknown}
 f - a potion of attraction {unknown}
 g - 2 potions of lignification {unknown}
 h - a potion of invisibility {unknown}
 l - 2 potions of degeneration {unknown}
 m - a potion of might


   Skills:
 + Level 0.1 Fighting
 + Level 1.4 Armour
 + Level 2.3 Dodging
 + Level 2.0 Stealth
 + Level 0.7 Unarmed Combat
 + Level 3.7 Spellcasting


You couldn't memorise any spells.
You knew the following spells:

 Your Spells              Type           Power      Damage    Failure   Level
a - Foxfire               Conj/Fire      68%        2x1d7     4%          1
b - Conjure Flame         Conj/Fire      17%        6-21      13%         3
c - Inner Flame           Hex/Fire       17%        N/A       13%         3
d - Sticky Flame          Conj/Fire      17%        2d4       38%         4
e - Fireball              Conj/Fire      8%         3d6       75%         5
f - Sting                 Tmut/Pois      68%        1d6       4%          1
Your spell library was empty.

Dungeon Overview and Level Annotations

Branches:
Dungeon (3/15)

Altars:

Annotations:
D:3 Natasha


Innate Abilities, Weirdness & Mutations

You are immune to sickness and miasma.
You are immune to poison.
Your flesh is very heat resistant. (rF++)
You are vulnerable to cold. (rC-)
You float through the air rather than walking.
You learn spells naturally, not from books.
Your magical power is your life essence.
You have superior vitality. (+4 HP)


Message History

Casting: Sticky Flame (potentially lethal; 38% risk of failure)
Confirm with . or Enter, or press ? or * to list all spells.
You conjure some foxfire!
Natasha closely misses you. The crimson imp hits you.
Unknown command.
Unknown command.
Unknown command.
Your foxfire dissipates!
The foxfire hits the crimson imp.
The crimson imp completely resists.
Natasha growls.
The crimson imp barely misses you. Natasha misses you.
Unknown command.
Press: ? - help, v - describe, . - travel
Here: Natasha (moderately wounded, strong, very poisoned)
The floor.
Casting: Foxfire (safe; 4% risk of failure)
Confirm with . or Enter, or press ? or * to list all spells.
The spell is potentially lethal to cast (38% risk of failure)!
Continue anyway?
Aiming: Sticky Flame (potentially lethal; 38% risk of failure)
Press: ? - help, Shift-Dir - straight line, f/p - Natasha
Aim: Natasha (moderately wounded, strong, very poisoned, 100% to hit)
You miscast Sticky Flame.
Nothing appears to happen.
Natasha barely misses you. The crimson imp closely misses you.
Unknown command.
Unknown command.
Unknown command.
Casting: Sticky Flame (potentially lethal; 38% risk of failure)
Confirm with . or Enter, or press ? or * to list all spells.
Okay, then.
Casting: Sticky Flame (potentially lethal; 38% risk of failure)
Confirm with . or Enter, or press ? or * to list all spells.
The spell is potentially lethal to cast (38% risk of failure)!
Continue anyway?
Aiming: Sticky Flame (potentially lethal; 38% risk of failure)
Press: ? - help, Shift-Dir - straight line, f/p - Natasha
Aim: Natasha (heavily wounded, strong, very poisoned, 100% to hit)
The sticky flame hits Natasha.
Natasha is heavily wounded.
Natasha is covered in liquid flames!
* * * LOW HITPOINT WARNING * * *
Natasha burns!
Natasha claws you!
You die...

.##.##.#.# ########.#
.........##
'####.....########## .#
#.##..........(# .#
#.##...........# .#
#.##........[..# .#
#.###'############## .# #.#
#.# #...@h.....# .# #.# #.#
#....5.....# .# #.# #.#
#..........# .#
#.###.###..........# .#
#.#....##..........###### .#
#.#....##................
.####.#....##..........#####
......#.[..###########.#
.########.## #.#


You could see Natasha (strong, burning, very poisoned) and a crimson imp
(summoned).

Vanquished Creatures
  A centaur skeleton (D:2)
  A worm (D:2)
  5 endoplasms
  2 giant cockroaches
  5 goblins
  5 hobgoblins
  10 kobolds
  3 quokkas
  7 ball pythons
  4 bats
  3 frilled lizards (D:1)
  3 rats
49 creatures vanquished.

Vanquished Creatures (others)
  149 foxfires
149 creatures vanquished.

Grand Total: 198 creatures vanquished

Notes
Turn   | Place    | Note
-------+----------+-------------------------------------------
     0 | D:1      | dickylongcocking the Djinni Fire Elementalist began the
                  | quest for the Orb.
     0 | D:1      | Reached XP level 1. HP: 15/15 MP: 0/0
   209 | D:1      | Reached skill level 3 in Spellcasting
   363 | D:1      | Reached XP level 2. HP: 18/21 MP: 0/0
   781 | D:1      | Found a faded altar of an unknown god.
  1554 | D:2      | Reached XP level 3. HP: 22/25 MP: 0/0
  1554 | D:2      | Learned a level 1 spell: Sting
  1934 | D:2      | Reached XP level 4. HP: 29/31 MP: 0/0
  1992 | D:2      | Reached skill level 1 in Armour
  3206 | D:3      | Noticed Natasha
  3220 | D:3      | Slain by Natasha

Illustrated notes

Levels and vault maps discovered:
D:1:      dpeg_arrival_erosion, layout_basic,
          hellmonk_ecumenical_altar_leap_of_faith
D:2:      layout_loops_ring, minmay_misc_feat_cross, minmay_pentomino_x2
D:3:      minmay_door_path, layout_basic, general_overflow_altar, serial_shops,
          shop, grunt_ministairs_12, amcnicky_mini_corridor_feature,
          roderic_batcave, uniq_natasha

Skill      XL: |  1  2  3  4 |
---------------+-------------+-----
Spellcasting   | 3 |  3.7
Stealth        | 2 |  2.0
Armour         | 1 |  1.4
Fighting       | |  0.1
Dodging        | |  2.3
Unarmed Combat | |  0.7

Action                   |  1- 3 |  4- 6 || total
-------------------------+-------+-------++-------
Melee: Unarmed           |    21 |     8 ||    29
       Dagger            |       |    23 ||    23
 Cast: Foxfire           |    64 |    48 ||   112
       Sticky Flame      |       |     1 ||     1
  Use: Scroll            |     3 |       ||     3
 Stab: Sleeping          |     3 |       ||     3
Armor: Leather armour    |    16 |    19 ||    35
Dodge: Dodged            |    28 |    31 ||    59

Table legend: (Time is in decaauts)
 A = Elapsed time spent in this place.
 B = Non-inter-level travel time spent in this place.
 C = Inter-level travel time spent in this place.
 D = Time resting spent in this place.
 E = Time spent auto-exploring this place.
 F = Levels seen in this place.
 G = Mean time per level.
                   A        B        C        D        E       F      G
               +--------+--------+--------+--------+--------+-----+--------+
         Total |   3216 |   3140 |     76 |    186 |   2557 |   3 | 1072.0 |
       Dungeon |   3216 |   3140 |     76 |    186 |   2557 |   3 | 1072.0 |
               +--------+--------+--------+--------+--------+-----+--------+

Top non-repeatable levels by time:
     D:2: 1385 daAuts
     D:1: 1308 daAuts
     D:3: 522 daAuts
